 Dungeon Crawl Stone Soup version 0.30-a0-1163-gf69bf04e7a (webtiles) character file.

Game seed: 12642563920086149720

198 Darkkill the Shooter (level 5, -2/40 (46) HPs)
             Began as a Minotaur Hunter on Apr 28, 2023.
             Slain by a scorpion (3 damage)
             ... on level 5 of the Dungeon.
             The game lasted 00:03:42 (2860 turns).

Darkkill the Shooter (Minotaur Hunter)              Turns: 2860, Time: 00:03:42

HP:   -2/40 (46)    AC:  4    Str: 15    XL:     5   Next: 47%
MP:   4/4           EV: 13    Int:  6    God:
Gold: 248           SH:  0    Dex: 16    Spells: 4/4 levels left

rFire   . . .        a - +2 shortbow (freeze)
rCold   . . .        (shield currently unavailable)
rNeg    . . .        c - +1 leather armour
rPois   .            (helmet restricted)
rElec   .            (no cloak)
rCorr   .            (no gloves)
SInv    .            (no boots)
Will    .....        (no amulet)
Stlth   ++           (no ring)
HPRegen 0.26/turn    (no ring)
MPRegen 0.09/turn

%: no passive effects
@: heavily drained
A: horns 2, retaliatory headbutt
a: no special abilities


You were on level 5 of the Dungeon.
You visited 1 branch of the dungeon, and saw 5 of its levels.

You collected 248 gold pieces.

Inventory:

Hand Weapons
 a - a +2 shortbow of freezing (weapon)
Missiles
 e - 39 stones
 g - 2 silver javelins
 l - 3 javelins
 n - a throwing net {=f !f}
 r - 3 atropa-tipped darts
Armour
 c - a +1 leather armour (worn)
Jewellery
 o - a ring of wizardry
 u - a ring of willpower
 y - a ring of fire
Wands
 q - a wand of charming (13)
Scrolls
 b - 2 scrolls of immolation
 i - a scroll of fog
 t - a scroll of amnesia
Potions
 d - 2 potions of heal wounds
 f - 4 potions of curing {@q1}
 h - a potion of magic
 j - 2 potions of mutation
 k - 3 potions of haste
 m - a potion of ambrosia
 p - 2 potions of lignification
 s - a potion of resistance
 v - a potion of brilliance {unknown}
 w - a potion of invisibility {unknown}


   Skills:
 + Level 4.0 Fighting
 + Level 5.3 Ranged Weapons
 + Level 3.6 Dodging
 + Level 2.4 Stealth


You had 4 spell levels left.
You didn't know any spells.
Your spell library contained the following spells:

 Spells                   Type           Power      Damage    Failure   Level
 Ignite Poison            Fire/Tmut/Pois 0%         N/A       88%         3
 Sticky Flame             Conj/Fire      0%         2d3       99%         4
 Ignition                 Fire           0%         3d3       100%        8


Dungeon Overview and Level Annotations

Branches:
Dungeon (5/15)
 Temple: D:4-7

Altars:
Kikubaaqudgha
Okawaru
Qazlal

Annotations:
D:5 1 transporter, lunkers's ghost, novice MeFE


Innate Abilities, Weirdness & Mutations

You have a pair of horns on your head.
You reflexively headbutt those who attack you in melee.


Message History

No target in view!
Done exploring.
Done exploring.
No target in view!
No target in view!
Done exploring.
No target in view!
Okay, then.
You drop a ring of protection from fire.
There is an open door here.
You open the door.
There is an open door here.
There is a stone staircase leading down here.
You climb downwards.
There is a stone staircase leading up here.
Found a stone staircase leading up.
No target in view!
Found a ring mail.
w - a bubbling emerald potion No target in view!
f - 5 potions of curing {@q1} (gained 1)
Found a transporter.
Lunkers's ghost turns its malevolent gaze towards you.
There's something in the way.
The adder hisses angrily.
The jelly quivers.
x - a scroll labelled ISCHOL WOACZAA There's something in the way.
There's something in the way.
Found two stone staircases leading down.
You now have 248 gold pieces (gained 13).
y - a ring of fire No target in view!
Found a stormy altar of Qazlal.
No target in view!
A scorpion, 2 orcs and a black bear come into view.
An orc is wielding a +2 mace of draining.
The orc shouts! x2
An orc comes into view. It is wielding a +0 flail.
You shoot an arrow. The arrow hits the black bear!
The arrow freezes the black bear.
The black bear is heavily wounded.
There are monsters nearby!
You shoot an arrow. The arrow barely misses the scorpion.
There are monsters nearby!
You shoot an arrow. The arrow hits the scorpion.
The arrow freezes the scorpion.
The scorpion is heavily wounded.
An orc comes into view. It is wielding a +0 hand axe.
You shoot an arrow. The arrow closely misses the scorpion.
The orc shouts!
The scorpion stings you but does no damage.
You shoot an arrow.
The arrow hits the orc but does no damage.
The scorpion stings you but does no damage.
The black bear completely misses you. The black bear claws you.
The black bear completely misses you.
The orc hits you with a +2 mace of draining.
You feel drained. The scorpion stings you.
As you read the scroll labelled ISCHOL WOACZAA, it crumbles to dust.
It is a scroll of enchant armour.
Your +0 leather armour glows green for a moment.
The black bear bites you. The black bear closely misses you.
The black bear claws you. The scorpion stings you.
Aiming: Charm
Press: ? - help, Q - select action, (/) - cycle Shift-Dir - straight line, f - orc, p - orc
Aim: an orc, wielding a +0 war axe (chance to affect: 66%)
The orc is charmed.
The scorpion stings you.
You are poisoned.
The scorpion poisons you! The black bear closely misses you. x2
The black bear claws you. The orc barely misses you.
The orc closely misses you. The scorpion attacks as you move away!
The scorpion barely misses you. You furiously retaliate!
You headbutt the scorpion.
You feel sick.
The orc hits you with a +2 mace of draining.
You feel drained. The black bear bites your orc.
The black bear barely misses your orc. The black bear closely misses your orc.
The orc barely misses you.
Your orc closely misses the scorpion.
Your orc barely misses the orc. x2
Your orc hits the black bear with a +0 war axe.
Your orc barely misses the orc.
The orc attacks as you move away!
The orc hits you with a +2 mace of draining!
* * * LOW HITPOINT WARNING * * *
You feel drained.
* * * LOW HITPOINT WARNING * * *
x2 You feel sick.
The scorpion stings you.
* * * LOW HITPOINT WARNING * * *
You are more poisoned.
The scorpion poisons you! The black bear bites your orc.
Your orc dies!
The orc barely misses you.
You feel better. The scorpion barely misses you.
The orc hits you with a +2 mace of draining.
* * * LOW HITPOINT WARNING * * *
You feel drained.
* * * LOW HITPOINT WARNING * * *
The orc hits you but does no damage. The scorpion stings you.
You die...

..._...#.. #.
#......#.####.. .....
#.........##..# ...#..#
..........#...## ......#
...............# .......
............#..###.......
.........#..#............
#....)so##.##...........
..#...ho@................
.......o............#..>.
.........................
..##.....................
. ##....................
..................#...
##............>....##..
#..............#......
.... #.........##[....©


You could see a black bear, a scorpion and 3 orcs.

Vanquished Creatures
  An orc priest (D:3)
  An iguana (D:4)
  Robin (D:4)
  6 adders
  A worm (D:2)
  4 dart slugs
  2 orcs (D:3)
  4 endoplasms
  4 giant cockroaches
  13 goblins
  7 hobgoblins
  3 quokkas (D:2)
  2 ball pythons (D:4)
  2 bats (D:1)
  9 frilled lizards
  4 kobolds
  6 rats
70 creatures vanquished.

Vanquished Creatures (others)
  An orc (D:5)
  A hobgoblin (D:4)
  8 plants (D:2)
10 creatures vanquished.

Grand Total: 80 creatures vanquished

Notes
Turn   | Place    | Note
-------+----------+-------------------------------------------
     0 | D:1      | Darkkill the Minotaur Hunter began the quest for the Orb.
     0 | D:1      | Reached XP level 1. HP: 18/18 MP: 0/0
   113 | D:1      | Reached skill level 1 in Stealth
   210 | D:1      | Reached XP level 2. HP: 25/25 MP: 1/1
   701 | D:2      | Found a faded altar of an unknown god.
   796 | D:2      | Reached XP level 3. HP: 31/31 MP: 2/2
  1176 | D:2      | Found an iron altar of Okawaru.
  1472 | D:3      | Found an ancient bone altar of Kikubaaqudgha.
  1631 | D:3      | Reached XP level 4. HP: 38/38 MP: 3/3
  1753 | D:3      | Reached skill level 5 in Ranged Weapons
  2336 | D:4      | Reached XP level 5. HP: 46/46 MP: 4/4
  2349 | D:4      | Noticed Robin
  2358 | D:4      | HP: 5/46 [Robin/+0 spear (5)]
  2361 | D:4      | Killed Robin
  2773 | D:5      | Entered Level 5 of the Dungeon
  2820 | D:5      | Found a transporter.
  2820 | D:5      | Noticed lunkers's ghost (novice MeFE)
  2849 | D:5      | Found a stormy altar of Qazlal.
  2850 | D:5      | Noticed a black bear
  2859 | D:5      | HP: 8/42 [orc/+2 mace of draining (3)]
  2859 | D:5      | HP: 3/42 [scorpion (4)]
  2860 | D:5      | HP: 1/40 [orc/+2 mace of draining (2)]
  2860 | D:5      | Slain by a scorpion

Illustrated notes

Levels and vault maps discovered:
D:1:      psy_arrival_basics, layout_basic, interstate_on_off
D:2:      layout_loops_cross, basic_ecumenical_altar, basic_altar,
          minmay_lizard_king
D:3:      layout_basic, mainiacjoe_overflow_paths, nicolae_eternal_life
D:4:      layout_basic, minmay_box_of_dots, uniq_robin
D:5:      layout_cave_pools, grunt_temple_overflow_open, gammafunk_ghost_arena,
          uniq_eustachio, uniq_pikel, uniq_sigmund, uniq_crazy_yiuf_cottage

Skill      XL: |  1  2  3  4  5 |
---------------+----------------+-----
Stealth        | 1 2 |  2.4
Fighting       | 3 4 |  4.0
Dodging        | 3 |  3.6
Ranged Weapons | 5 |  5.3

Action                     |  1- 3 |  4- 6 || total
---------------------------+-------+-------++-------
   Fire: Shortbow          |    83 |    44 ||   127
  Evoke: Wand              |       |     2 ||     2
    Use: Scroll            |     9 |     7 ||    16
         Potion            |       |     4 ||     4
 Armour: Leather armour    |     3 |    11 ||    14
  Dodge: Dodged            |     9 |    52 ||    61

Table legend: (Time is in decaauts)
 A = Elapsed time spent in this place.
 B = Non-inter-level travel time spent in this place.
 C = Inter-level travel time spent in this place.
 D = Time resting spent in this place.
 E = Time spent auto-exploring this place.
 F = Levels seen in this place.
 G = Mean time per level.
                   A        B        C        D        E       F      G
               +--------+--------+--------+--------+--------+-----+--------+
         Total |   2897 |   2731 |    166 |    100 |   2293 |   5 |  579.4 |
       Dungeon |   2897 |   2731 |    166 |    100 |   2293 |   5 |  579.4 |
               +--------+--------+--------+--------+--------+-----+--------+

Top non-repeatable levels by time:
     D:2: 809 daAuts
     D:3: 718 daAuts
     D:4: 642 daAuts
     D:1: 638 daAuts
     D:5: 88 daAuts

Levels and vault maps discovered:
D:1:      psy_arrival_basics, layout_basic, interstate_on_off
D:2:      layout_loops_cross, basic_ecumenical_altar, basic_altar,
          minmay_lizard_king
D:3:      layout_basic, mainiacjoe_overflow_paths, nicolae_eternal_life
D:4:      layout_basic, minmay_box_of_dots, uniq_robin
D:5:      layout_cave_pools, grunt_temple_overflow_open, gammafunk_ghost_arena,
          uniq_eustachio, uniq_pikel, uniq_sigmund, uniq_crazy_yiuf_cottage

Table legend: (Time is in decaauts)
 A = Elapsed time spent in this place.
 B = Non-inter-level travel time spent in this place.
 C = Inter-level travel time spent in this place.
 D = Time resting spent in this place.
 E = Time spent auto-exploring this place.
 F = Levels seen in this place.
 G = Mean time per level.
                   A        B        C        D        E       F      G
               +--------+--------+--------+--------+--------+-----+--------+
         Total |   2897 |   2731 |    166 |    100 |   2293 |   5 |  579.4 |
       Dungeon |   2897 |   2731 |    166 |    100 |   2293 |   5 |  579.4 |
               +--------+--------+--------+--------+--------+-----+--------+

Top non-repeatable levels by time:
     D:2: 809 daAuts
     D:3: 718 daAuts
     D:4: 642 daAuts
     D:1: 638 daAuts
     D:5: 88 daAuts

Table legend:
 A = Kills in this place as a percentage of kills in the entire game.
 B = Kills by you in this place as a percentage of kills by you in the entire game.
 C = Kills by friends in this place as a percentage of kills by friends in the entire game.
 D = Other kills in this place as a percentage of other kills in the entire game.
 E = Experience gained in this place as a percentage of experience gained in the entire game.
 F = Experience gained in this place divided by the number of levels of this place that you have seen.
                   A       B       C       D       E      F
               +-------+-------+-------+-------+-------+----------------------
         Total | 100.0 | 100.0 |   N/A |   N/A | 100.0 |  56.8
       Dungeon | 100.0 | 100.0 |   N/A |   N/A | 100.0 |  56.8
               +-------+-------+-------+-------+-------+----------------------
